Map: [ESL] Oceanborn

Players

SKillous

  • Race: Protoss Protoss
  • Spawn Location: 11:00

GunGFuBanDa - Winner!

  • Race: Protoss Protoss
  • Spawn Location: 5:00

Event: ESL SC2 Masters 2023 Winter (Regional)

VOD

Have the link to the VOD?

Description

Time

  • Played on: Nov. 3, 2023, 9:24 a.m.
  • Length: 22:16

All games in this series

Show
View Real Time Build Order
Export as new Build Order

SKillous Protoss 

Build Orders:  

Get SALT Encoding   

  12  0:00  Probe  
  13  0:12  Probe  
  14  0:17  Pylon  
  14  0:24  Probe  
  15  0:36  Gateway  
  15  0:37  Probe (Chrono Boost)  
  16  0:46  Probe (Chrono Boost)  
  16  0:47  Assimilator  
  17  0:51  Probe (Chrono Boost)  
  17  0:54  Assimilator  
  18  1:03  Probe (Chrono Boost)  
  19  1:10  Gateway  
  19  1:12  Probe (Chrono Boost)  
  19  1:18  Probe (Chrono Boost)  
  20  1:25  Cybernetics Core  
  21  1:30  Probe  
  22  1:33  Pylon  
  22  1:42  Probe  
  23  2:01  Robotics Facility  
  23  2:03  Warp Gate, Stalker  
  25  2:10  Stalker  
  25  2:14  Pylon  
  27  2:22  Probe  
  28  2:33  Stalker  
  30  2:40  Stalker  
  32  2:47  Immortal (Chrono Boost)  
  36  2:59  Shield Battery  
  36  3:08  Probe  
  38  3:21  Shield Battery  
  38  3:25  Pylon  
  38  3:26  Warp Prism (Chrono Boost)  
  36  3:31  Probe  
  39  3:51  Stalker  
  39  3:52  Sentry  
  39  3:55  Pylon  
  43  4:05  Immortal  
  47  4:14  Sentry  
  49  4:18  Stalker  
  51  4:30  Pylon  
  51  4:37  Stalker  
  53  4:49  Immortal (Chrono Boost)  
  57  5:05  Twilight Council  
  57  5:18  Pylon  
  57  5:31  Immortal  
  61  5:38  Pylon  
  61  5:49  Blink (Chrono Boost)  
  61  5:51  Gateway  
  59  6:08  Warp Prism (Chrono Boost)  
  43  6:34  Stalker  
  43  6:35  Stalker  
  39  6:46  Stalker  
  41  6:51  Nexus  
  42  6:54  Shield Battery  
  42  6:59  Stalker x2  
  45  7:03  Probe  
  46  7:11  Robotics Facility  
  46  7:15  Probe  
  46  7:21  Stalker  
  49  7:27  Probe  
  50  7:34  Stalker  
  52  7:40  Probe  
  51  7:52  Probe  
  52  8:01  Stalker x2  
  52  8:04  Observer  
  41  8:38  Stalker x3  
  41  8:40  Immortal (Chrono Boost)  
  51  8:43  Probe  
  50  8:52  Probe  
  50  8:54  Assimilator  
  50  8:55  Probe  
  52  8:56  Pylon  
  52  9:04  Probe  
  53  9:15  Nexus  
  53  9:24  Sentry, Stalker  
  53  9:27  Pylon  
  57  9:39  Immortal  
  57  9:41  Probe (Chrono Boost)  
  57  9:43  Probe (Chrono Boost)  
  63  9:47  Sentry  
  63  9:52  Probe (Chrono Boost)  
  67  9:53  Probe (Chrono Boost)  
  67  9:56  Probe (Chrono Boost)  
  67  9:58  Shield Battery, Probe (Chrono Boost)  
  69  10:03  Stalker  
  71  10:07  Probe  
  71  10:09  Probe  
  71  10:14  Stalker  
  75  10:19  Probe  
  76  10:22  Probe  
  76  10:24  Forge  
  76  10:26  Observer  
  78  10:32  Stalker, Probe  
  78  10:34  Stalker  
  83  10:36  Probe  
  83  10:38  Probe  
  83  10:42  Charge  
  85  10:50  Probe  
  85  10:55  Probe x2  
  88  10:57  Pylon  
  88  11:00  Stalker  
  88  11:01  Stalker  
  88  11:04  Protoss Ground Weapons Level 1 (Chrono Boost)  
  92  11:06  Probe  
  92  11:08  Probe, Stalker  
  92  11:09  Assimilator  
  96  11:14  Probe  
  96  11:16  Gateway  
  97  11:22  Gateway  
  97  11:25  Gateway  
  97  11:29  Stalker  
  99  11:41  Adept  
  99  11:42  Adept  
  99  11:44  Shield Battery  
  99  11:45  Shield Battery  
  103  11:47  Shield Battery  
  103  11:50  Pylon  
  103  11:51  Observer, Shield Battery  
  103  11:57  Stalker  
  105  12:02  Gateway  
  105  12:07  Stalker x2  
  109  12:13  Stalker  
  111  12:16  Shield Battery, Stalker  
  113  12:29  Stalker x2  
  114  12:33  Pylon  
  114  12:35  Pylon  
  112  12:37  Stalker  
  112  12:44  Protoss Ground Weapons Level 2 (Chrono Boost)  
  105  12:45  Stalker x3  
  109  12:54  Stalker  
  109  12:55  Stalker  
  113  13:00  Stalker  
  113  13:02  Stalker  
  117  13:07  Observer (Chrono Boost)  
  117  13:09  Stalker x3  
  124  13:18  Stalker x2  
  128  13:24  Nexus  
  128  13:27  Pylon  
  124  13:29  Probe  
  123  13:36  Stalker x4  
  123  13:38  Stalker  
  123  13:39  Probe  
  123  13:40  Probe  
  133  13:43  Observer  
  133  13:48  Probe  
  135  13:50  Assimilator  
  135  13:53  Pylon  
  135  13:55  Adept  
  137  13:56  Adept  
  137  13:57  Pylon  
  139  14:07  Shield Battery  
  139  14:10  Photon Cannon  
  139  14:12  Pylon  
  139  14:15  Probe x3  
  142  14:27  Probe  
  140  14:32  Stalker x4  
  126  14:47  Protoss Ground Weapons Level 3 (Chrono Boost)  
  126  14:49  Stalker x3  
  126  14:50  Probe  
  127  14:54  Probe x2  
  127  14:55  Forge  
  127  14:58  Stalker x2  
  127  14:59  Probe  
  126  15:02  Stalker, Probe  
  126  15:06  Stalker  
  132  15:10  Observer  
  133  15:14  Stalker x2  
  136  15:21  Assimilator  
  136  15:23  Photon Cannon  
  136  15:24  Stalker, Pylon  
  136  15:25  Stalker  
  136  15:27  Stalker  
  142  15:29  Protoss Ground Armor Level 1 (Chrono Boost)  
  142  15:32  Probe  
  142  15:54  Stalker x3  
  142  15:55  Stalker x4  
  148  16:11  Photon Cannon  
  137  16:18  Probe  
  137  16:19  Probe  
  137  16:20  Stalker x2  
  137  16:21  Stalker x3  
  143  16:35  Observer, Stalker  
  146  16:40  Assimilator  
  146  16:43  Photon Cannon, Shield Battery  
  146  16:44  Shield Battery x2  
  146  16:45  Photon Cannon, Stalker x2  
  150  16:50  Nexus  
  150  16:52  Pylon, Stalker  
  150  16:53  Shield Battery  
  151  16:54  Shield Battery  
  151  17:08  Stalker x4  
  159  17:09  Pylon  
  159  17:24  Photon Cannon  
  159  17:25  Shield Battery  
  159  17:27  Photon Cannon  
  159  17:28  Stalker x3  
  161  17:32  Stalker x2  
  152  17:44  Stalker x2  
  152  17:48  Observer (Chrono Boost)  
  145  17:54  Stalker x3  
  145  17:57  Protoss Ground Armor Level 2 (Chrono Boost)  
  151  18:10  Protoss Shields Level 1 (Chrono Boost)  
  151  18:11  Pylon x2  
  151  18:21  Photon Cannon  
  151  18:22  Nexus  
  151  18:25  Photon Cannon, Pylon  
  151  18:28  Pylon  
  151  18:38  Photon Cannon  
  149  18:45  Stalker x6  
  149  18:46  Observer (Chrono Boost)  
  162  18:50  Photon Cannon  
  162  19:00  Observer (Chrono Boost), Shield Battery  
  163  19:04  Shield Battery  
  163  19:07  Stalker  
  163  19:08  Stalker x2  
  169  19:18  Stalker x3  
  175  19:30  Stalker x2  
  179  19:34  Photon Cannon  
  179  19:35  Pylon  
  179  19:37  Observer  
  163  19:48  Stalker x5  
  162  19:59  Observer (Chrono Boost)  
  157  20:10  Probe x2  
  157  20:12  Assimilator  
  157  20:14  Nexus, Assimilator  
  157  20:17  Pylon  
  157  20:22  Pylon  
  157  20:36  Stalker x5  
  142  20:50  Stalker x2  
  112  21:04  Stalker x4  
  112  21:07  Probe x2  
  112  21:08  Stalker  
  112  21:11  Probe  
  125  21:14  Shield Battery  
  125  21:20  Stalker x2  
  128  21:27  Photon Cannon x2  
  128  21:30  Photon Cannon, Stalker x4  
  128  21:32  Photon Cannon x2, Pylon  
  136  21:36  Shield Battery, Stalker  
  106  21:48  Stalker x2  
  99  21:55  Zealot x4  
  88  22:06  Stalker  
  86  22:12  Stalker x2  
Show
View Real Time Build Order
Export as new Build Order

GunGFuBanDa Protoss - Winner!

Build Orders: Oracle Opening 

Get SALT Encoding   

  12  0:00  Probe  
  13  0:12  Probe  
  14  0:19  Pylon  
  14  0:24  Probe (Chrono Boost)  
  15  0:38  Gateway, Probe (Chrono Boost)  
  16  0:46  Probe (Chrono Boost)  
  16  0:47  Assimilator  
  17  0:52  Probe (Chrono Boost)  
  17  0:55  Assimilator  
  18  1:04  Probe (Chrono Boost)  
  18  1:09  Gateway  
  19  1:13  Probe (Chrono Boost)  
  20  1:18  Probe  
  21  1:26  Cybernetics Core  
  21  1:31  Probe  
  22  1:33  Pylon  
  22  1:43  Probe  
  23  2:02  Stargate  
  23  2:03  Adept x2  
  23  2:04  Probe  
  28  2:13  Pylon  
  28  2:14  Warp Gate  
  28  2:27  Probe  
  29  2:38  Stalker  
  31  2:47  Oracle (Chrono Boost)  
  34  2:52  Shield Battery  
  33  3:00  Shield Battery, Stalker  
  35  3:15  Stalker  
  37  3:23  Pylon  
  37  3:30  Twilight Council  
  37  3:31  Gateway  
  37  3:52  Probe  
  38  4:02  Blink (Chrono Boost)  
  38  4:03  Stalker  
  40  4:12  Gateway  
  40  4:16  Pylon  
  38  4:26  Stalker  
  38  4:27  Stalker  
  42  4:45  Gateway  
  42  4:51  Sentry  
  44  5:08  Sentry  
  46  5:14  Stalker  
  46  5:17  Pylon  
  46  5:33  Sentry  
  48  5:37  Gateway  
  48  5:40  Pylon  
  48  5:49  Stalker x2  
  52  5:59  Probe  
  52  6:00  Stalker  
  52  6:01  Pylon  
  52  6:02  Pylon  
  45  6:13  Zealot, Stalker  
  46  6:43  Stalker x2  
  46  6:45  Stalker  
  51  6:47  Nexus  
  51  7:11  Stalker x3  
  57  7:22  Probe (Chrono Boost)  
  58  7:32  Pylon  
  58  7:34  Probe (Chrono Boost)  
  59  7:41  Probe (Chrono Boost)  
  59  7:43  Robotics Facility  
  55  7:52  Probe  
  52  8:00  Shield Battery  
  52  8:03  Stalker x2  
  56  8:07  Sentry  
  50  8:33  Probe x2 (Chrono Boost)  
  50  8:35  Stalker  
  50  8:36  Stalker  
  54  8:43  Probe x2 (Chrono Boost)  
  56  8:49  Probe (Chrono Boost)  
  56  8:52  Observer  
  56  9:00  Pylon  
  56  9:02  Nexus  
  56  9:16  Stalker x3  
  62  9:19  Probe  
  62  9:20  Probe  
  64  9:32  Forge  
  64  9:41  Shield Battery  
  64  9:45  Probe x2 (Chrono Boost)  
  66  9:48  Protoss Ground Weapons Level 1 (Chrono Boost)  
  66  9:49  Assimilator  
  66  9:54  Probe (Chrono Boost)  
  66  9:56  Probe (Chrono Boost)  
  66  9:59  Probe (Chrono Boost)  
  68  10:03  Charge (Chrono Boost)  
  68  10:05  Probe  
  70  10:17  Observer  
  70  10:18  Probe x2  
  73  10:22  Gateway  
  73  10:24  Gateway  
  73  10:30  Probe (Chrono Boost)  
  73  10:32  Probe (Chrono Boost)  
  73  10:33  Gateway  
  73  10:35  Gateway, Probe (Chrono Boost)  
  76  10:41  Probe (Chrono Boost)  
  76  10:42  Stalker x2  
  82  10:43  Stalker  
  82  10:44  Probe (Chrono Boost)  
  82  10:45  Probe (Chrono Boost)  
  82  10:46  Probe (Chrono Boost)  
  82  10:48  Assimilator  
  86  10:53  Probe  
  87  10:57  Templar Archives  
  87  11:01  Warp Prism  
  87  11:03  Pylon  
  87  11:15  Zealot x4  
  87  11:16  Probe  
  98  11:23  Pylon  
  98  11:38  Protoss Ground Weapons Level 2 (Chrono Boost)  
  98  11:40  Zealot x8  
  98  11:47  Pylon  
  114  12:00  Stalker x2  
  114  12:01  Stalker  
  120  12:09  High Templar x2  
  120  12:10  High Templar x2  
  120  12:14  Nexus, Archon x2  
  128  12:22  Zealot  
  124  12:39  Zealot x3  
  114  12:47  Probe  
  114  12:48  Probe  
  116  12:52  Probe, Phoenix (Chrono Boost)  
  116  12:58  High Templar x2, Zealot x2  
  123  12:59  Probe  
  123  13:02  Probe  
  123  13:04  Probe  
  130  13:06  Shield Battery  
  130  13:07  Photon Cannon  
  130  13:08  Archon  
  130  13:11  Probe  
  131  13:16  Probe  
  130  13:21  Zealot x6  
  130  13:25  Probe  
  143  13:27  Warp Prism  
  137  13:40  Probe x2 (Chrono Boost), Forge  
  137  13:41  Probe x2 (Chrono Boost)  
  143  13:48  Protoss Ground Weapons Level 3 (Chrono Boost)  
  143  13:50  Probe (Chrono Boost)  
  143  13:52  Probe x2 (Chrono Boost)  
  143  13:54  Observer, Probe x2 (Chrono Boost)  
  146  13:58  Photon Cannon  
  148  14:03  Stalker x2  
  148  14:04  Zealot x5  
  148  14:06  Zealot  
  164  14:27  Probe x2  
  164  14:30  Zealot  
  164  14:31  Zealot x2  
  163  14:33  Probe  
  153  14:39  Zealot x5  
  153  14:45  Protoss Ground Armor Level 1 (Chrono Boost)  
  151  14:49  Probe x2 (Chrono Boost)  
  151  14:52  Probe (Chrono Boost)  
  151  14:56  Probe (Chrono Boost), Pylon  
  150  15:00  Photon Cannon  
  150  15:02  Photon Cannon  
  150  15:04  Dark Shrine  
  150  15:06  Probe (Chrono Boost)  
  151  15:07  Gateway  
  151  15:09  Gateway  
  151  15:10  Photon Cannon  
  151  15:11  Probe (Chrono Boost)  
  151  15:13  Shield Battery  
  152  15:20  Pylon  
  152  15:21  Photon Cannon  
  152  15:24  Nexus  
  152  15:30  Zealot x4  
  152  16:01  Probe x2  
  152  16:02  Probe  
  147  16:07  Zealot x5  
  147  16:08  Zealot x5  
  155  16:11  Warp Prism (Chrono Boost)  
  155  16:13  Nexus, Zealot x2  
  155  16:14  Zealot x3  
  155  16:18  Protoss Shields Level 1 (Chrono Boost)  
  153  16:25  Pylon  
  151  16:29  Shadow Stride (Chrono Boost)  
  151  16:30  Zealot x4, Protoss Ground Armor Level 2 (Chrono Boost)  
  151  16:31  Zealot  
  153  16:36  Dark Templar x3  
  153  16:37  Dark Templar  
  159  16:41  Dark Templar  
  161  16:56  Photon Cannon  
  161  16:58  Photon Cannon  
  155  17:22  Dark Templar, Zealot  
  157  17:23  Zealot x8  
  151  17:53  Zealot x9  
  161  18:01  Observer  
  161  18:05  Probe x2  
  155  18:06  Probe  
  155  18:12  Zealot  
  158  18:13  Zealot x9  
  158  18:17  Shield Battery  
  158  18:19  Shield Battery  
  176  18:20  Protoss Shields Level 2 (Chrono Boost), Pylon  
  176  18:22  Observer  
  176  18:23  Assimilator  
  177  18:38  Zealot x6  
  185  18:42  Zealot x4  
  185  18:44  Nexus  
  189  18:51  Protoss Ground Armor Level 3 (Chrono Boost)  
  189  19:01  Assimilator  
  189  19:06  Pylon  
  189  19:19  Warp Prism  
  189  19:21  Pylon  
  189  19:22  Assimilator  
  188  19:26  Zealot x8  
  182  19:52  Zealot x3  
  164  19:53  Zealot x7  
  164  19:54  Shield Battery  
  164  19:55  Shield Battery  
  160  20:15  Zealot x10  
  180  20:25  Assimilator  
  177  20:42  Zealot x10  
  161  21:05  Warp Prism (Chrono Boost)  
  161  21:06  Stalker x10  
  183  21:23  Robotics Bay  
  183  21:25  Photon Cannon  
  183  21:34  Observer (Chrono Boost)  
  172  21:43  Zealot x9  
  172  21:44  Zealot  
  164  22:05  Nexus  
  162  22:11  Zealot x10  
Tags
 
Add a new tag
Caveats
  • Supply blocks, unpowered buildings, or Contaminate may cause inaccurate times.
  • Supply counts are checked every 10 seconds.